Map: Aura da Morte LE

Players

faelzin

  • Race: Terran Terran
  • Spawn Location: 5:00

I.A. 1 (Médio) - Winner!

  • Race: Protoss Protoss
  • Spawn Location: 11:00

VOD

Have the link to the VOD?

Description

Time

  • Played on: Aug. 5, 2020, 1:45 p.m.
  • Length: 8:27
Show
View Real Time Build Order
Export as new Build Order

faelzin Terran 

Build Orders:  

Get SALT Encoding   

  12  0:03  SCV  
  13  0:15  SCV  
  14  0:28  SCV, Supply Depot  
  15  0:34  Refinery  
  15  0:49  SCV  
  16  0:50  Supply Depot  
  16  1:01  SCV  
  17  1:14  SCV  
  18  1:18  Supply Depot  
  18  1:26  SCV  
  18  1:27  Refinery  
  19  1:38  SCV  
  20  1:43  Barracks  
  20  1:50  SCV  
  21  2:02  SCV  
  22  2:14  SCV  
  23  2:26  SCV  
  23  2:29  Command Center  
  24  2:32  Engineering Bay  
  24  2:42  Reaper  
  25  2:45  Bunker  
  25  3:03  Factory  
  25  3:04  SCV  
  26  3:14  Reaper  
  27  3:28  Missile Turret  
  27  3:35  SCV  
  28  3:42  Terran Infantry Weapons Level 1  
  28  3:47  Reaper  
  29  3:56  SCV  
  29  3:59  Barracks  
  30  4:08  SCV  
  31  4:19  Reaper  
  31  4:21  SCV  
  33  4:33  SCV  
  33  4:35  Sensor Tower  
  34  4:45  SCV  
  35  4:48  Orbital Command  
  35  4:51  Supply Depot, Reaper  
  36  4:57  SCV  
  37  5:09  SCV  
  38  5:15  Refinery  
  38  5:17  Refinery  
  38  5:21  Barracks Tech Lab, SCV  
  38  5:23  Reaper  
  38  5:25  Armory  
  40  5:30  Factory Tech Lab  
  40  5:33  SCV  
  41  5:36  Terran Infantry Armor Level 1  
  41  5:42  Factory Reactor  
  41  5:45  SCV  
  42  5:55  Reaper  
  43  5:59  SCV  
  44  6:11  SCV  
  45  6:20  Supply Depot  
  45  6:23  SCV  
  46  6:27  Reaper  
  47  6:35  SCV  
  48  6:59  Reaper  
  49  7:06  Sensor Tower  
  41  7:24  Reaper  
  41  7:28  Hellbat x2  
  44  7:50  Hellbat x2  
Show
View Real Time Build Order
Export as new Build Order

I.A. 1 (Médio) Protoss - Winner!

Build Orders:  

Get SALT Encoding   

  12  0:00  Probe  
  13  0:13  Probe  
  14  0:19  Pylon  
  14  0:25  Probe  
  15  0:33  Probe  
  15  0:41  Probe  
  16  0:47  Assimilator  
  17  0:50  Gateway  
  17  0:51  Probe  
  18  1:00  Pylon  
  18  1:28  Gateway  
  18  1:32  Assimilator  
  18  1:38  Zealot  
  20  1:42  Cybernetics Core  
  20  1:59  Zealot  
  22  2:16  Pylon  
  22  2:19  Stalker, Warp Gate  
  24  2:39  Stalker  
  26  2:58  Pylon  
  26  2:59  Stalker  
  26  3:00  Probe  
  29  3:08  Probe  
  30  3:16  Probe  
  30  3:19  Adept  
  33  3:28  Forge, Probe  
  34  3:39  Stalker  
  34  3:40  Probe  
  37  3:52  Probe  
  38  4:07  Stalker  
  40  6:33  Probe  
  40  6:37  Stalker  
  40  6:39  Photon Cannon  
  43  6:42  Photon Cannon  
  43  6:43  Nexus, Pylon  
  43  6:46  Robotics Facility  
  43  6:49  Stargate  
  43  6:51  Sentry  
  43  6:53  Twilight Council  
  45  7:04  Adept  
  45  7:07  Pylon  
  45  7:18  Stalker  
  47  7:29  Forge  
  47  7:34  Observer  
  48  7:54  Probe  
  48  7:55  Observer  
  50  7:59  Probe  
  50  8:02  Probe  
  50  8:04  Assimilator  
  51  8:06  Assimilator  
  51  8:10  Probe  
  51  8:11  Probe  
Tags
 
Add a new tag
Caveats
  • Supply blocks, unpowered buildings, or Contaminate may cause inaccurate times.
  • Supply counts are checked every 10 seconds.